Map: New Gettysburg LE

Players

rothogg - Winner!

  • Race: Protoss Protoss
  • League: Gold
  • Spawn Location: 7:00

Fropez

  • Race: Protoss Protoss
  • League: Gold
  • Spawn Location: 5:00

VOD

Have the link to the VOD?

Description

Time

  • Played on: Nov. 7, 2016, 11:54 a.m.
  • Length: 21:01
Show
View Real Time Build Order
Export as new Build Order

rothogg Protoss - Winner!

Build Orders:  

Get SALT Encoding   

  12  0:01  Probe (Chrono Boost)  
  14  0:14  Probe (Chrono Boost)  
  14  0:20  Pylon  
  14  0:24  Probe (Chrono Boost)  
  15  0:39  Probe (Chrono Boost)  
  16  0:44  Gateway  
  16  0:49  Probe (Chrono Boost)  
  17  0:53  Assimilator  
  17  1:04  Pylon, Probe (Chrono Boost)  
  18  1:09  Pylon  
  18  1:41  Probe (Chrono Boost), Cybernetics Core  
  19  1:53  Probe (Chrono Boost)  
  20  2:04  Probe (Chrono Boost)  
  20  2:08  Pylon  
  21  2:09  Forge  
  21  2:14  Probe (Chrono Boost)  
  22  2:17  Zealot  
  24  2:25  Probe (Chrono Boost)  
  25  2:35  Probe (Chrono Boost)  
  26  2:53  Photon Cannon  
  25  3:05  Assimilator  
  25  3:12  Stargate  
  25  3:18  Warp Gate (Chrono Boost)  
  25  3:26  Zealot  
  27  3:54  Photon Cannon  
  27  3:58  Pylon  
  27  4:00  Oracle (Chrono Boost)  
  30  4:26  Photon Cannon  
  30  4:35  Oracle (Chrono Boost)  
  33  4:42  Pylon  
  33  4:45  Pylon  
  33  4:57  Mothership Core  
  35  5:19  Probe  
  36  5:31  Probe  
  37  6:27  Void Ray (Chrono Boost)  
  37  6:30  Stargate  
  41  6:34  Stargate  
  41  6:42  Zealot  
  43  6:55  Gateway  
  43  6:58  Gateway  
  43  7:48  Pylon  
  41  8:03  Nexus  
  41  8:06  Pylon  
  41  8:08  Pylon  
  41  8:13  Pylon, Probe  
  41  8:15  Assimilator  
  41  8:17  Assimilator  
  42  8:22  Void Ray (Chrono Boost)  
  42  8:24  Void Ray x2 (Chrono Boost)  
  42  8:25  Probe  
  55  8:27  Stargate  
  55  8:32  Photon Cannon  
  55  8:34  Protoss Air Weapons Level 1 (Chrono Boost)  
  55  8:35  Photon Cannon  
  55  8:37  Probe  
  56  8:49  Probe  
  57  8:59  Photon Cannon  
  57  9:00  Photon Cannon  
  57  9:01  Probe  
  58  9:08  Void Ray  
  62  9:13  Void Ray, Probe  
  67  9:25  Probe  
  68  9:36  Void Ray  
  68  9:37  Probe  
  73  9:49  Probe  
  74  10:04  Void Ray x2  
  76  10:28  Nexus  
  76  10:34  Pylon  
  76  10:42  Probe  
  76  10:43  Probe  
  72  11:04  Probe  
  72  11:06  Probe  
  72  11:10  Void Ray  
  78  11:15  Probe  
  78  11:18  Probe  
  80  11:22  Protoss Air Armor Level 1 (Chrono Boost)  
  80  11:26  Probe  
  80  11:30  Probe  
  82  11:36  Probe  
  82  12:00  Void Ray x2  
  90  12:03  Probe x2  
  90  12:04  Probe  
  91  12:27  Void Ray  
  94  12:32  Assimilator  
  94  12:36  Probe x2, Assimilator  
  94  12:37  Probe  
  97  12:46  Probe  
  97  12:49  Probe  
  99  12:54  Gateway  
  99  12:57  Gateway  
  99  13:02  Probe  
  99  13:03  Probe x2  
  99  13:05  Photon Cannon  
  102  13:20  Probe x2  
  102  13:22  Probe  
  102  13:24  Void Ray  
  98  13:48  Probe x2  
  98  13:50  Probe  
  98  13:54  Pylon  
  101  13:58  Photon Cannon  
  101  13:59  Probe x2  
  101  14:02  Probe  
  104  14:03  Photon Cannon  
  104  14:11  Pylon  
  104  14:23  Robotics Facility  
  104  14:30  Pylon  
  104  15:07  Probe x2  
  104  15:08  Probe  
  104  15:10  Void Ray x2  
  115  15:17  Probe x2  
  117  15:27  Photon Cannon  
  117  15:32  Void Ray  
  121  15:48  Observer  
  122  16:02  Nexus  
  122  16:05  Void Ray  
  126  16:14  Fleet Beacon  
  124  16:37  Probe x2  
  124  16:38  Probe  
  127  16:41  Void Ray  
  131  16:47  Probe x2  
  133  17:01  Pylon  
  133  17:02  Pylon  
  133  17:04  Pylon x2  
  133  17:14  Void Ray x2, Probe  
  142  17:17  Void Ray  
  146  17:30  Protoss Air Weapons Level 2 (Chrono Boost)  
  147  17:44  Observer  
  147  18:05  Void Ray x3  
  147  18:06  Void Ray  
  163  18:25  Photon Cannon  
  163  18:26  Photon Cannon  
  163  18:31  Photon Cannon  
  163  18:32  Assimilator  
  163  18:35  Photon Cannon  
  163  18:46  Observer  
  163  18:48  Void Ray x2  
  131  20:53  Nexus  
Show
View Real Time Build Order
Export as new Build Order

Fropez Protoss 

Build Orders:  

Get SALT Encoding   

  13  0:07  Probe (Chrono Boost)  
  13  0:17  Probe (Chrono Boost)  
  13  0:20  Pylon  
  14  0:28  Probe (Chrono Boost)  
  15  0:40  Probe (Chrono Boost), Gateway  
  16  0:48  Assimilator  
  16  0:50  Probe (Chrono Boost)  
  17  1:01  Probe (Chrono Boost)  
  18  1:08  Gateway  
  19  1:11  Probe (Chrono Boost)  
  19  1:26  Pylon  
  19  1:36  Assimilator  
  19  1:40  Probe (Chrono Boost)  
  20  1:52  Nexus  
  20  2:06  Probe (Chrono Boost), Cybernetics Core  
  21  2:19  Pylon  
  21  2:32  Pylon, Probe (Chrono Boost)  
  22  2:43  Probe (Chrono Boost)  
  23  2:47  Adept x2  
  23  2:50  Warp Gate (Chrono Boost)  
  27  2:54  Mothership Core (Chrono Boost)  
  27  2:57  Assimilator  
  30  3:05  Probe (Chrono Boost)  
  30  3:12  Probe (Chrono Boost)  
  31  3:16  Probe (Chrono Boost)  
  32  3:20  Adept x2  
  32  3:25  Probe  
  32  3:26  Probe  
  38  3:40  Twilight Council  
  38  3:52  Probe  
  38  3:53  Probe  
  40  3:58  Assimilator  
  40  4:02  Probe  
  40  4:09  Gateway  
  41  4:12  Gateway  
  41  4:19  Probe  
  41  4:20  Probe  
  43  4:29  Probe  
  43  4:30  Assimilator  
  44  4:32  Probe  
  44  4:37  Resonating Glaives (Chrono Boost)  
  45  4:47  Robotics Facility  
  45  4:49  Probe  
  46  4:53  Pylon  
  46  4:55  Pylon  
  46  4:56  Probe  
  46  4:57  Pylon  
  47  5:12  Adept x4  
  55  5:34  Adept x4  
  31  6:08  Stalker x3  
  36  6:12  Probe  
  37  6:33  Probe  
  37  6:35  Probe  
  39  6:44  Probe  
  40  7:07  Probe  
  40  7:09  Probe  
  40  7:35  Stalker x4  
  48  8:03  Stalker x4  
  48  8:04  Probe  
  57  8:05  Probe  
  58  8:14  Warp Prism  
  58  8:17  Probe  
  61  8:20  Probe  
  62  8:30  Probe  
  62  8:31  Probe  
  64  8:42  Probe  
  64  8:46  Probe  
  66  8:54  Probe  
  67  9:05  Gateway  
  67  9:06  Gateway  
  67  9:08  Gateway  
  67  9:14  Gateway  
  67  9:16  Probe  
  68  9:25  Observer  
  69  9:48  Probe  
  69  9:49  Probe  
  71  9:58  Probe  
  71  10:01  Probe  
  71  10:24  Adept x3  
  77  10:33  Pylon  
  77  10:34  Pylon  
  77  10:35  Pylon  
  77  10:37  Pylon  
  77  10:58  Adept x3  
  77  10:59  Adept x3  
  83  11:16  Forge  
  83  11:18  Forge  
  71  11:56  Adept x4  
  71  11:57  Adept x3  
  79  12:19  Adept x3  
  79  12:20  Adept x4  
  81  12:34  Protoss Ground Weapons Level 1  
  81  12:35  Protoss Ground Armor Level 1  
  81  12:41  Stalker x3  
  81  12:42  Stalker x3  
  81  12:43  Stalker  
  95  12:50  Probe  
  95  12:51  Probe  
  95  12:52  Templar Archives  
  97  13:02  Blink (Chrono Boost)  
  97  13:09  Nexus  
  79  13:51  High Templar x3  
  79  13:52  High Templar x4  
  79  13:55  Archon  
  93  13:56  Archon x2  
  93  14:09  Pylon  
  93  14:11  Pylon  
  93  14:12  Pylon  
  93  14:14  Pylon  
  93  14:15  Probe  
  93  14:16  Probe  
  95  14:21  Pylon  
  95  14:23  Pylon  
  95  14:27  Pylon  
  95  14:28  Probe  
  95  14:29  Probe x2  
  98  14:31  Pylon  
  98  14:35  Pylon  
  98  14:43  High Templar  
  98  14:44  High Templar x2, Assimilator  
  104  14:47  Archon  
  104  14:49  Assimilator  
  104  14:55  Stalker  
  104  14:56  Stalker  
  102  15:02  Probe x2  
  104  15:16  Protoss Ground Weapons Level 2  
  104  15:24  Protoss Ground Armor Level 2  
  104  15:43  Pylon  
  104  15:45  Probe x2  
  104  15:47  Probe  
  107  15:50  Photon Cannon  
  107  15:58  High Templar x2  
  107  15:59  High Templar  
  107  16:02  Archon  
  107  16:03  Archon  
  113  16:07  Adept x2  
  115  16:35  High Templar  
  115  16:36  High Templar x3  
  115  16:39  Archon  
  123  16:40  Archon  
  123  16:57  Psionic Storm  
  123  16:59  Nexus  
  123  17:01  Pylon  
  123  17:03  Pylon  
  123  17:14  Observer  
  124  17:28  Adept x3  
  124  17:29  Adept  
  132  17:35  Observer  
  132  17:52  High Templar x3  
  132  17:53  High Templar  
  132  17:57  Observer  
  137  18:20  Probe  
  137  18:22  Probe x3  
  141  18:32  Probe  
  141  18:34  Probe, Assimilator  
  143  18:36  Assimilator  
  143  18:40  High Templar x4  
  151  18:51  Zealot x3  
  155  19:49  Nexus  
  155  19:51  Pylon x2  
  148  19:53  Pylon  
  148  19:55  Pylon x2  
  148  19:56  Pylon  
  148  19:57  Pylon  
Tags
 
League
GoldGold
Matchup
PvP
Replay Pack
All Mines
Spawn Locations
Close Positions
Add a new tag
Caveats
  • Supply blocks, unpowered buildings, or Contaminate may cause inaccurate times.
  • Supply counts are checked every 10 seconds.